 Dungeon Crawl Stone Soup version 0.22-a0-580-gd5db89c (webtiles) character file.

3401 galech the Basher (level 10, -1/107 HPs)
             Began as an Ogre Berserker on July 2, 2018.
             Was an Elder of Trog.
             Slain by TheNamelessOne's ghost (8 damage)
             ... on level 8 of the Dungeon on July 3, 2018.
             The game lasted 00:15:08 (8310 turns).

galech the Basher (Ogre Berserker)                  Turns: 8310, Time: 00:15:10

Health: -1/107     AC:  8    Str: 23    XL:     10   Next: 4%
Magic:  10/10      EV: 13    Int:  8    God:    Trog [****..]
Gold:   114        SH:  5    Dex: 11    Spells: 9/9 levels left

rFire    . . .     SeeInvis .   F - +2 morningstar
rCold    . . .     Gourm    .   (no shield)
rNeg     . . .     Faith    .   n - +2 robe {MR+}
rPois    .         Spirit   .   C - +2 hat
rElec    .         Reflect  +   q - +0 cloak
rCorr    .         Harm     .   (gloves unavailable)
MR       ++...                  (boots unavailable)
Stlth    ++........             f - +5 amulet of reflection
HPRegen  0.27/turn              g - ring of wizardry
MPRegen  0.12/turn              (no ring)

@: berserk cooldown, slowed, very slow
A: large, unfitting armour, tough skin 1
a: Berserk, Trog's Hand, Brothers in Arms, Renounce Religion


You were on level 8 of the Dungeon.
You worshipped Trog.
Trog was greatly pleased with you.
You were very hungry.

You visited 1 branch of the dungeon, and saw 8 of its levels.
You also visited: Sewer.

You collected 390 gold pieces.
You spent 276 gold pieces at shops.

Inventory:

Hand Weapons
 a - a +0 mace
 F - a +2 morningstar (weapon)
Armour
 n - a +2 robe of magic resistance (worn)
 q - a +0 cloak (worn)
 C - a +2 hat (worn)
Jewellery
 f - a +5 amulet of reflection (around neck)
 g - a ring of wizardry (left hand)
 G - a +4 ring of intelligence {unknown}
Wands
 y - a wand of flame (29)
 z - a wand of polymorph (22)
Scrolls
 b - a scroll of silence {unknown}
 d - 4 scrolls of immolation
 j - 5 scrolls of teleportation
 k - a scroll of random uselessness
 l - a scroll of noise {unknown}
 o - 4 scrolls of fear
 t - 2 scrolls of enchant weapon
 u - a scroll of magic mapping
 w - 2 scrolls of enchant armour
 B - 2 scrolls of fog
 D - a scroll of identify
 E - a scroll of remove curse
Potions
 e - a potion of invisibility {unknown}
 h - 5 potions of heal wounds
 i - 2 potions of curing {unknown}
 m - a potion of flight {unknown}
 p - a potion of lignification {unknown}
 r - 4 potions of agility {unknown}
 s - a potion of ambrosia
 v - 2 potions of berserk rage
 x - a potion of mutation
 A - 3 potions of might {unknown}
Comestibles
 c - 10 rations
 H - 4 chunks of flesh


   Skills:
 + Level 9.1 Fighting
 + Level 9.3 Maces & Flails
 + Level 7.3 Dodging
 + Level 2.0 Stealth


You had 9 spell levels left.
You didn't know any spells.
Your spell library was empty.

Dungeon Overview and Level Annotations

Branches:
Dungeon (8/15)             Temple (0/1) D:5
   Lair: D:8-11

Altars:
Cheibriados
Gozag
Hepliaklqana
Makhleb
Ru
Trog
Vehumet
Yredelemnul
Zin

Shops:
D:7 *

Annotations:
D:8 TheNamelessOne's ghost, novice DsCK


Innate Abilities, Weirdness & Mutations

You are too large for most types of armour.
You have tough skin. (AC +1)


Message History

You barely miss TheNamelessOne's ghost.
TheNamelessOne's ghost is severely damaged.
You are no longer berserk.
You are exhausted.
You feel yourself slow down.
You closely miss TheNamelessOne's ghost.
TheNamelessOne's ghost is severely damaged.
You block TheNamelessOne's ghost's attack.
TheNamelessOne's ghost completely misses you.
You completely miss TheNamelessOne's ghost.
TheNamelessOne's ghost is severely damaged.
TheNamelessOne's ghost barely misses you.
You barely miss TheNamelessOne's ghost.
TheNamelessOne's ghost is severely damaged.
TheNamelessOne's ghost hits you!
* * * LOW HITPOINT WARNING * * *
TheNamelessOne's ghost freezes you!
* * * LOW HITPOINT WARNING * * *
TheNamelessOne's ghost hits you!
You die...

##.. ##..# #. ##...######.
#..#........... #........(...
#........# ...# #######..#
#...... # #.... #.....#..#
##......# . ..... #?≈≈≈≈W@.#
##....... .
....##.....#.######.......# .
#...#######.)......(.....# .
#........................# .
#.........##...#....##...# .
..##.........###............###
. .......<##..##
##....#........# .
.......##...# #..###...####.. y
........#...# #..# #..## #..


You could see TheNamelessOne's ghost.

Vanquished Creatures
  A two-headed ogre (D:8)
  Eustachio (D:5)
  An ice beast (D:7)
  2 sky beasts
  A black bear (D:4)
  2 ogres (D:6)
  An orc warrior (D:6)
  3 centaurs
  A crocodile (Sewer)
  Blork the orc (D:5)
  2 bullfrogs
  2 scorpions
  3 killer bees (D:7)
  5 wights
  4 crimson imps
  2 jellies
  Crazy Yiuf (D:2)
  A bullfrog skeleton (D:6)
  5 hounds
  5 orc priests
  Jessica (D:3)
  3 orc wizards
  4 worker ants
  A howler monkey zombie (D:5)
  A worker ant zombie (D:3)
  4 gnolls (D:2)
  6 adders
  A river rat (D:4)
  3 shadow imps
  2 oozes (D:2)
  2 adder skeletons
  2 worms
  2 dart slugs
  A leopard gecko (D:2)
  19 orcs
  3 ball pythons
  6 giant cockroaches
  6 goblins
  12 hobgoblins
  6 jackals
  6 quokkas
  8 bats
  10 frilled lizards
  A jackal zombie (D:6)
  9 kobolds
  A leopard gecko skeleton (D:6)
  2 quokka skeletons (D:4)
  8 rats
174 creatures vanquished.

Notes
Turn   | Place    | Note
-------+----------+-------------------------------------------
     0 | D:1      | galech the Ogre Berserker began the quest for the Orb.
     0 | D:1      | Reached XP level 1. HP: 24/24 MP: 1/1
    90 | D:1      | Reached XP level 2. HP: 19/32 MP: 2/2
   633 | D:2      | Reached XP level 3. HP: 40/40 MP: 3/3
   694 | D:2      | Reached ** piety under Trog
   857 | D:2      | Reached XP level 4. HP: 33/49 MP: 4/4
  1260 | D:2      | Reached XP level 5. HP: 55/55 MP: 5/5
  1369 | D:2      | Reached skill level 5 in Fighting
  1678 | D:2      | Found a runed door.
  1683 | D:2      | Noticed Crazy Yiuf
  1748 | D:2      | Killed Crazy Yiuf
  2126 | D:3      | Noticed Jessica
  2142 | D:3      | Killed Jessica
  2142 | D:3      | Reached XP level 6. HP: 58/66 MP: 6/6
  2192 | D:3      | Reached *** piety under Trog
  2213 | D:3      | Found a glowing silver altar of Zin.
  2213 | D:3      | Found a hazy altar of Hepliaklqana.
  2295 | D:3      | Found a faded altar of an unknown god.
  2542 | D:4      | Noticed a black bear
  2552 | D:4      | Killed a black bear
  2552 | D:4      | Reached skill level 5 in Maces & Flails
  2724 | D:4      | Found a glowing drain.
  2738 | D:4      | Reached XP level 7. HP: 54/72 MP: 7/7
  2780 | Sewer    | Entered a sewer
  3751 | D:4      | Reached skill level 5 in Dodging
  3823 | D:5      | Entered Level 5 of the Dungeon
  3825 | D:5      | Noticed Blork the orc
  3846 | D:5      | Killed Blork the orc
  4242 | D:5      | Noticed Eustachio
  4249 | D:5      | Killed Eustachio
  4249 | D:5      | Reached XP level 8. HP: 84/84 MP: 8/8
  4568 | D:5      | Found a staircase to the Ecumenical Temple.
  4603 | D:5      | Reached skill level 1 in Stealth
  5277 | D:6      | Found a bloodstained altar of Trog.
  5340 | D:6      | Found a sacrificial altar of Ru.
  5416 | D:6      | Reached **** piety under Trog
  5704 | D:6      | Found an opulent altar of Gozag.
  5765 | D:6      | Found a radiant altar of Vehumet.
  5776 | D:6      | Found a burning altar of Makhleb.
  5797 | D:6      | Reached XP level 9. HP: 85/93 MP: 9/9
  5906 | D:6      | Received a gift from Trog
  6144 | D:7      | Found a basalt altar of Yredelemnul.
  6146 | D:7      | Found a snail-covered altar of Cheibriados.
  6236 | D:7      | Found Qonazaiw's Assorted Antiques.
  6256 | D:7      | Bought a scroll of teleportation for 69 gold pieces
  6256 | D:7      | Bought an embroidered hat for 161 gold pieces
  6256 | D:7      | Bought a scroll of identify for 46 gold pieces
  7577 | D:8      | Noticed a two-headed ogre
  8011 | D:8      | Noticed a two-headed ogre
  8025 | D:8      | Killed a two-headed ogre
  8025 | D:8      | Reached XP level 10. HP: 54/107 MP: 10/10
  8254 | D:8      | Found a runed door.
  8276 | D:8      | Noticed TheNamelessOne's ghost (novice DsCK)
  8310 | D:8      | Slain by TheNamelessOne's ghost

Vault maps used:
D:1:      tarquinn_simple_flora_water_e
D:2:      serial_aquarium, aquarium_bridge_long_separate,
          aquarium_bridge_square, aquarium_window_corridor_2,
          aquarium_window_fake, aquarium_window_fake, aquarium_window_fake,
          aquarium_view_2e, aquarium_balcony_3b, aquarium_pool_2,
          uniq_crazy_yiuf_cottage
D:3:      minitemple, first_ration, chequers_ecumenical_altar_island,
          minmay_surrounded, uniq_jessica
D:4:      portal_sewer_entry_b, dk_vineyard_3
D:5:      cheibrodos_quashed, minmay_temple_entry_hall, serial_corexii_hall,
          corexii_hall_statues_u, corexii_hall_statues_i,
          corexii_hall_statues_l, uniq_blork_the_orc, uniq_eustachio
D:6:      kennysheep_six_static_rooms,
          grunt_temple_overflow_lords_of_destruction,
          nicolae_overflow_crystal_walls,
          nicolae_gozag_cash_rules_everything_around_me,
          nicolae_ru_the_path_less_chosen
D:7:      grunt_temple_overflow_open, serial_shops,
          nicolae_shop_overgrown_old_shop, kennysheep_generic_room_8
D:8:      kennysheep_mini, ebering_ghost_reflecting_pool
Sewer:    sewer_the_crocodile

Skill      XL: |  1  2  3  4  5  6  7  8  9 |
---------------+----------------------------+-----
Maces & Flails | 3 4 5 6 7 9 |  9.3
Dodging        | 3 4 5 6 7 |  7.3
Fighting       | 5 6 7 9 |  9.1
Stealth        | 1 2 |  2.0

Action                   |  1- 3 |  4- 6 |  7- 9 | 10-12 || total
-------------------------+-------+-------+-------+-------++-------
Melee: Mace              |    64 |   200 |   409 |       ||   673
       Morningstar       |       |       |    45 |    32 ||    77
Invok: Berserk           |     3 |     8 |    11 |     1 ||    23
       Trog's Hand       |       |     2 |     2 |       ||     4
  Use: Scroll            |       |     8 |     6 |       ||    14
 Stab: Sleeping          |       |       |     1 |       ||     1
  Eat: Chunk             |     3 |    14 |    11 |     1 ||    29
       Ration            |       |       |     5 |       ||     5
Armor: Animal skin       |    12 |    43 |       |       ||    55
       Robe              |       |    36 |   117 |     2 ||   155
Dodge: Dodged            |    42 |   150 |   226 |    14 ||   432
Block: Other             |       |    38 |    89 |     5 ||   132
       Reflection        |       |     2 |     3 |     1 ||     6

Table legend:
 A = Spawn XP
 B = Non-spawn XP
 C = Spawn XP percentage of total XP
 D = Spawn monster count
 E = Non-spawn monster count
 F = Spawn count percentage of total count
 G = Total turns spent on level
                    A         B        C        D         E        F      G
               +---------+---------+-------+---------+---------+-------+---------
         Total |       0 |    4859 |   0.0 |       0 |     174 |   0.0 |  8310
               +---------+---------+-------+---------+---------+-------+---------
           D:1 |       0 |      23 |   0.0 |       0 |      13 |   0.0 |   598
           D:2 |       0 |     241 |   0.0 |       0 |      36 |   0.0 |  1322
           D:3 |       0 |     126 |   0.0 |       0 |      32 |   0.0 |   619
           D:4 |       0 |     445 |   0.0 |       0 |      20 |   0.0 |  1036
           D:5 |       0 |     920 |   0.0 |       0 |      22 |   0.0 |  1446
           D:6 |       0 |     908 |   0.0 |       0 |      22 |   0.0 |   828
           D:7 |       0 |     902 |   0.0 |       0 |      16 |   0.0 |  1666
           D:8 |       0 |    1181 |   0.0 |       0 |       7 |   0.0 |   547
         Sewer |       0 |     113 |   0.0 |       0 |       6 |   0.0 |   248
               +---------+---------+-------+---------+---------+-------+---------
